 Dungeon Crawl Stone Soup version 0.29.0-4-gdea44cf6ec (webtiles) character file.

Game seed: 5349026110612079138

7 qw the Chopper (level 2, -3/24 HPs)
             Began as a Barachi Chaos Knight on Sept 6, 2022.
             Slain by a hellwing (11 damage)
             ... summoned by Xom
             ... on level 1 of the Dungeon.
             The game lasted 00:00:07 (338 turns).

qw the Chopper (Barachi Chaos Knight)                Turns: 338, Time: 00:00:07

Health: -3/24      AC:  5    Str: 13      XL:     2   Next: 4%
Magic:  2/2        EV: 11    Int: 12      God:
Gold:   8          SH:  0    Dex: 10 (11) Spells: 1/1 levels left

rFire   . . .      SeeInvis .   a - +0 hand axe (chaos)
rCold   . . .      Faith    .   (no shield)
rNeg    . . .      Spirit   .   b - +2 leather armour
rPois   .          Reflect  .   (no helmet)
rElec   .          Harm     .   (no cloak)
rCorr   .          Rampage  .   (no gloves)
Will    .....                   (no boots)
Stlth   +.........              (no amulet)
HPRegen 0.08/turn               (no ring)
MPRegen 0.08/turn               (no ring)

@: slow
A: amphibious, slowness 1, strong legs 1, +LOS
a: Hop


You were on level 1 of the Dungeon.
You visited 1 branch of the dungeon, and saw 1 of its levels.

You collected 8 gold pieces.


Innate Abilities, Weirdness & Mutations

You are amphibious.
You cover ground slowly.
You can hop short distances.
You have an extended range of vision and can be seen from far away.


   Skills:
 - Level 3.6 Fighting
 + Level 3.9 Axes
 - Level 2.4 Armour
 - Level 1.1 Dodging


You had one spell level left.
You didn't know any spells.
Your spell library was empty.

Inventory:

Hand Weapons
 a - a +0 hand axe of chaos (weapon)
Armour
 b - a +2 leather armour (worn)
 d - a +0 scale mail
Miscellaneous
 c - a piece from Xom's chessboard (15/15)

Dungeon Overview and Level Annotations

Branches:
Dungeon (1/15)

Altars:


Message History

The ball python is poisoned.
The ball python barely misses you. The ball python grabs you.
The ball python constricts you. The ball python bites you.
The ball python bites you but does no damage.
The ball python constricts you. The ball python barely misses you.
You hit the ball python.
You kill the ball python!
You hit the ball python. You drain the ball python.
You kill the ball python!
You closely miss the ball python. The ball python bites you.
The ball python closely misses you.
You have reached level 2!
You hit the ball python.
The ball python is poisoned.
The ball python is severely wounded.
The ball python bites you but does no damage.
The ball python grabs you. The ball python constricts you.
The ball python barely misses you. The ball python constricts you.
You slash the ball python!
The ball python seems to slow down.
You freeze the ball python.
You kill the ball python!
You start resting.
You hear Xom's maniacal laughter.
A white imp comes into view.
You closely miss the crimson imp. You hit the white imp.
You burn the white imp. You closely miss the hellwing. You hit the white imp.
The white imp is heavily wounded.
You hit the crimson imp.
The crimson imp convulses.
You hit the hellwing. You burn the hellwing. The hellwing barely misses you.
The hellwing hits you.
The crimson imp blinks!
The white imp grinds its teeth.
You barely miss the white imp.
The white imp is heavily wounded.
You barely miss the hellwing. You barely miss the white imp.
You miss the quasit. You closely miss the white imp. The quasit bites you.
You feel clumsy. The quasit closely misses you. The quasit barely misses you.
The white imp hits you. The white imp freezes you. The hellwing hits you!
You die...

##### #...#
#...############## .
+...'.............
#...####5..##############
#.......## ########
#.####55# #......# #.#
#@5# #......# #.#
#54(....# #(.....# #.#
#5.#.#[..##......#
#.########.. .P#......#
#.#.....# ### #...(..'
#.#.####### ####......#
#.........# #...%.....#
#.........# ###..######
####.........# ##.#


You could see a hellwing (summoned), a quasit (summoned), a crimson imp
(summoned) and 4 white imps.

Vanquished Creatures
  4 ball pythons (D:1)
  An endoplasm (D:1)
  A kobold (D:1)
  2 rats (D:1)
8 creatures vanquished.

Notes
Turn   | Place    | Note
-------+----------+-------------------------------------------
     0 | D:1      | qw the Barachi Chaos Knight began the quest for the Orb.
     0 | D:1      | Reached XP level 1. HP: 18/18 MP: 1/1
     0 | D:1      | 0 ||| qw: Version: 0.1-a-108-g9e35731
     0 | D:1      | 0 ||| qw: Game counter: 6254
     0 | D:1      | 0 ||| qw: Always use a shield: true
     0 | D:1      | 0 ||| qw: God list: Okawaru
     0 | D:1      | 0 ||| qw: Allow faded altars: false
     0 | D:1      | 0 ||| qw: Do Orc after D:15 true
     0 | D:1      | 0 ||| qw: Do second Lair branch before Depths: true
     0 | D:1      | 0 ||| qw: Lair rune preference: random
     0 | D:1      | 0 ||| qw: Plans: Normal
     0 | D:1      | 0 ||| PLANNING D:1-11
     0 | D:1      | Fell from the grace of Xom
   266 | D:1      | 266 ||| Stepping ~*~*~tactically~*~*~ (stealth).
   274 | D:1      | Reached XP level 2. HP: 19/24 MP: 2/2
   335 | D:1      | XOM: summons 7 hostile demons
   336 | D:1      | Noticed a hellwing
   336 | D:1      | Noticed a crimson imp
   338 | D:1      | Slain by a hellwing

Levels and vault maps discovered:
D:1:      dpeg_arrival_boxes_within_box, layout_basic, basic_ecumenical_altar,
          minmay_shallow_snake_nest

Action                   || total
-------------------------++-------
Melee: Hand axe          ||    19
       Punch             ||     1
Invok: Renounce Religion ||     1
Armor: Leather armour    ||     6
Dodge: Dodged            ||    15

Table legend:
 A = Non-vault XP
 B = Vault XP
 C = Vault XP percentage of total XP
 D = Non-vault monster count
 E = Vault monster count
 F = Vault count percentage of total count
                 A         B        C        D         E       F
            +---------+---------+-------+---------+---------+-------
      Total |       5 |       6 |  54.5 |       4 |       4 |  50.0
            +---------+---------+-------+---------+---------+-------
        D:1 |       5 |       6 |  54.5 |       4 |       4 |  50.0
            +---------+---------+-------+---------+---------+-------
